 Seeded DCSS version 0.30.1-11-g7821555f0a (webtiles) character file.

Game seed: 9938364161540474565 (custom seed)

2 Psyclone the Conjurer (level 1, 10/10 HPs)
             Began as a Deep Elf Conjurer on Nov 10, 2023.
             Was a Follower of Nemelex Xobeh.
             Quit the game on level 2 of the Dungeon.
             The game lasted 00:00:39 (46 turns).

Psyclone the Conjurer (Deep Elf Conjurer)             Turns: 46, Time: 00:00:40

Health: 10/10      AC:  2    Str:  4    XL:     1   Next: 33%
Magic:  6/6        EV: 12    Int: 22    God:    Nemelex Xobeh [*.....]
Gold:   0          SH:  0    Dex: 13    Spells: 5/6 levels left

rFire   . . .        (no weapon)
rCold   . . .        (no shield)
rNeg    . . .        a - +0 robe
rPois   .            (no helmet)
rElec   .            (no cloak)
rCorr   .            (no gloves)
SInv    .            (no boots)
Will    .....        (no amulet)
Stlth   ++           (no ring)
HPRegen 0.21/turn    (no ring)
MPRegen 0.10/turn

%: no passive effects
@: no status effects
A: no striking features
a: Renounce Religion, Draw Escape, Draw Destruction, Draw Summoning


You were on level 2 of the Dungeon.
You worshipped Nemelex Xobeh.
Nemelex Xobeh was aware of your devotion.
You visited 1 branch of the dungeon, and saw 2 of its levels.

Inventory:

Armour
 a - a +0 robe (worn)
Jewellery
 c - an amulet of regeneration
Potions
 b - a potion of magic


   Skills:
 - Level 2.4 Dodging
 - Level 2.4 Stealth
 + Level 3.1 Spellcasting
 * Level 4.5 Conjurations


You had 5 spell levels left.
You knew the following spells:

 Your Spells              Type           Power      Damage    Failure   Level
a - Magic Dart            Conj           92%        1d7       1%          1

Your spell library contained the following spells:

 Spells                   Type           Power      Damage    Failure   Level
 Searing Ray              Conj           46%        2d6       3%          2
 Dazzling Flash           Conj/Hex       26%        N/A       14%         3
 Fulminant Prism          Conj/Hex       6%         3d6       43%         4
 Iskenderun's Mystic Bla  Conj/Tloc      13%        2d5       43%         4


Dungeon Overview and Level Annotations

Branches:
Dungeon (2/15) Zot: 11951

Altars:
Nemelex Xobeh


Message History

Aim: a ball python (100% to hit)
The magic dart hits the ball python.
You kill the ball python!
Found a dagger.
A kobold comes into view. It is wielding a +0 short sword.
The kobold shouts!
Found a spear.
The kobold hits you but does no damage.
You now have 5/6 mp.
Casting: Magic Dart (safe; 1% risk of failure)
Confirm with . or Enter, or press ? or * to list all spells.
Aiming: Magic Dart (safe; 1% risk of failure)
Press: ? - help, Shift-Dir - straight line, f - kobold
Aim: a kobold, wielding a +0 short sword (100% to hit)
The magic dart hits the kobold.
You kill the kobold!
You now have 4/6 mp.
Found a large lapis lazuli amulet.
Things that are here:
a +0 short sword; a kobold corpse
c - an amulet of regeneration A bat comes into view.
Found a stone staircase leading down.
There is a stone staircase leading down here.
You climb downwards.
Found 17 gold pieces and 2 javelins.
Found a faded altar of an unknown god.
Found an escape hatch in the ceiling.
Found a stone staircase leading up.
There is a stone staircase leading up here.
MP restored: 6
There is a faded altar of an unknown god here.
This altar belongs to (a) Nemelex Xobeh, (b) Lugonu or (c) Trog, but you can't tell which.
Press the corresponding letter to learn more about a god, or press enter to convert or escape to cancel.
Nemelex Xobeh accepts your prayer! Nemelex Xobeh welcomes you!
You can now draw from decks of power.
Nemelex will now gift you decks of power as you gain piety.
Nemelex Xobeh deals you some cards!
You now have 4 escape cards, 3 destruction cards and 3 summoning cards.
Unknown command.
Press < or > to pray at altars.
Unknown command.
Press < or > to pray at altars.
Are you sure you want to abandon this character and quit the game? (Confirm with "yes".)

.. ##.# ....#
#####...g#
##.....##
#..<.#..#
#.......#
.....#.@.<.#
....#...$...#
##( #..<.#..#
#. ##.....##
# #####.. ..
###


There were no monsters in sight!

Vanquished Creatures
  A ball python (D:1)
  A kobold (D:1)
2 creatures vanquished.

Notes
Turn   | Place    | Note
-------+----------+-------------------------------------------
     0 | D:1      | Psyclone the Deep Elf Conjurer began the quest for the Orb.
     0 | D:1      | Reached XP level 1. HP: 10/10 MP: 6/6
    36 | D:2      | Found a faded altar of an unknown god.
    45 | D:2      | Prayed at the altar of an unknown god.
    45 | D:2      | Became a worshipper of Nemelex Xobeh the Trickster
    45 | D:2      | Reached * piety under Nemelex Xobeh
    45 | D:2      | Received a gift from Nemelex Xobeh
    46 | D:2      | Quit the game

Illustrated notes

Levels and vault maps discovered:
D:1:      eino_arrival_water_cross, layout_basic, chequers_big_river,
          wander_ebering_terrifying_dragon_lair
D:2:      layout_basic, nicolae_ecumenical_pavilion,
          minmay_misc_feat_more_columns, nrook_mini_vaults,
          uniq_crazy_yiuf_cottage

Action                     || total
---------------------------++-------
   Cast: Magic Dart        ||     2
 Armour: Robe              ||     1
